 Dungeon Crawl Stone Soup version 0.13.1-27-ga479965 (webtiles) character file.

164 Badjas the Ducker (level 4, 0/32 HPs)
             Began as a Merfolk Transmuter on Feb 3, 2014.
             Slain by an orc
             ... wielding a -1,+1 orcish club
              (1 damage)
             ... on Level 3 of the Dungeon.
             The game lasted 00:39:15 (2937 turns).

Badjas the Ducker (Merfolk Transmuter)              Turns: 2937, Time: 00:39:16

HP   0/32        AC  5     Str 11      XL: 4   Next: 71%
MP   6/6         EV  9     Int 12      God:
Gold 66          SH  0     Dex 14      Spells:  2 memorised,  3 levels left

Res.Fire  : . . .   See Invis. : .   k - +0,+1 orc dagger
Res.Cold  : . . .   Warding    : .   O - +0 ring mail
Life Prot.: . . .   Conserve   : .   (no shield)
Res.Poison: .       Res.Corr.  : .   (no helmet)
Res.Elec. : .       Clarity    : .   (no cloak)
Sust.Abil.: . .     Spirit.Shd : .   (no gloves)
Res.Mut.  : .       Stasis     : .   (no boots)
Res.Rott. : .       Flight     : .   (no amulet)
Saprovore : . . .                    (no ring)
                                     (no ring)

@: slightly resistant to hostile enchantments, very unstealthy
A: change form in water, swift swim
a: no special abilities


You were on level 3 of the Dungeon.
You were not hungry.

You visited 1 branch of the dungeon, and saw 3 of its levels.

You collected 46 gold pieces.

Inventory:

Hand weapons
 f - a +0,+0 whip
 k - a +0,+1 orcish dagger (weapon)
 n - a +0,+2 sling of flame
 q - a +0,+0 dagger
 z - a +1,+1 orcish whip
 F - a +2,+2 dagger of returning
 I - a +0,+0 mace
 L - a +0,+0 whip of flaming
Missiles
 b - 33 arrows
 m - 32 stones
 t - 94 sling bullets
 v - a dart of flame
 y - 20 bolts
 B - 13 darts (quivered)
 J - 7 poisoned needles
Armour
 c - a +0 robe
 g - a +0 scale mail
 h - a +0 orcish large shield
 p - a cursed +0 dwarven ring mail
 r - a +0 robe
 u - a +0 scale mail
 O - a +0 ring mail (worn)
Magical devices
 E - a wand of enslavement (14)
 H - a wand of digging (19)
Comestibles
 a - 2 bread rations
Scrolls
 i - 2 scrolls of teleportation {unknown}
 j - 3 scrolls of remove curse {unknown}
 l - a scroll of curse jewellery {unknown}
 s - a scroll of enchant armour {unknown}
 w - a scroll of random uselessness {unknown}
 x - 2 scrolls of fear {unknown}
 N - a scroll of curse armour {unknown}
Jewellery
 K - an uncursed ring of sustain abilities {unknown}
Potions
 e - 2 potions of curing {unknown}
 o - a potion of flight {unknown}
 A - a potion of brilliance {unknown}
 C - a potion of might
 D - a potion of poison {unknown}
 G - a potion of restore abilities {unknown}
 M - 2 potions of magic {unknown}
Books
 d - a book of Changes

   Spells                             Type                      Level
   *Beastly Appendage                 Transmutation                1
   Sticks to Snakes                   Transmutation                2
   *Spider Form                       Transmutation/Poison         3
   Ice Form                           Ice/Transmutation            4
   Blade Hands                        Transmutation                5


   Skills:
 - Level 1.3 Fighting
 * Level 1.7 Short Blades
 - Level 1.4 Throwing
 + Level 3.9 Dodging
 - Level 3.6 Unarmed Combat
 - Level 2.3 Spellcasting
 + Level 3.3 Transmutations


You had 3 spell levels left.
You knew the following spells:

 Your Spells              Type           Power        Failure   Level  Hunger
a - Beastly Appendage     Trmt           #.....       14%         1    ##.....
b - Spider Form           Trmt/Pois      #.........   75%         3    ####...


Dungeon Overview and Level Annotations

Branches:
Dungeon (3/27)

Altars:
the Shining One

Annotations:
D:2 Sigmund


Message History

The orc is almost dead.
The orc barely misses you.
You hit the orc but do no damage.
The orc is almost dead.
The orc barely misses you.
You hit the orc but do no damage.
The orc is almost dead.
The orc hits you with an orcish club.
* * * LOW HITPOINT WARNING * * *
The orc hits you but does no damage.
Unknown command.
You closely miss the orc.
The orc is almost dead.
The orc hits you with an orcish club.
* * * LOW HITPOINT WARNING * * *
The orc closely misses you.
You barely miss the orc.
The orc is almost dead.
The orc hits you with an orcish club.
You die...

#.....#.# #.
#.##.##.# ###### ##
#.......##.....#
##.....%.#.....##
#.#.###)...#...####
#.#..##.........<..
#.##.##.........#.#
######
##.##.##..##.....#.#
##....###.o@o((..(#
###..#..
##....##....##.###.#
##..#..
##....##....###.#
.... .......
##....##....## #.#
......##.#..
##....##.%..##
#.#.#####... ##.
##....##....## #.#.
... ...
....###)...## #...
#.. .###
###.#...#.### ###
#####.## #.
#.##......# ......
#.


You could see 2 orcs.

Vanquished Creatures
  Jessica (D:2)
  An adder (D:3)
  2 worms (D:2)
  A giant gecko (D:1)
  An ooze (D:3)
  2 orcs (D:3)
  A ball python (D:1)
  5 bats
  3 giant cockroaches
  7 goblins
  7 hobgoblins
  4 jackals (D:1)
  3 giant newts (D:1)
  6 kobolds
  9 rats
53 creatures vanquished.

Vanquished Creatures (collateral kills)
  An orc (D:3)
  A giant newt (D:3)
  A rat (D:2)
3 creatures vanquished.

Grand Total: 56 creatures vanquished

Notes
Turn   | Place    | Note
--------------------------------------------------------------
     0 | D:1      | Badjas, the Merfolk Transmuter, began the quest for the Orb.
     0 | D:1      | Reached XP level 1. HP: 15/15 MP: 1/1
   168 | D:1      | Reached XP level 2. HP: 21/21 MP: 0/3
   610 | D:1      | Reached XP level 3. HP: 21/26 MP: 4/4
  1170 | D:2      | Noticed Sigmund
  1358 | D:2      | Found a glowing golden altar of the Shining One.
  1700 | D:2      | Noticed Jessica
  1720 | D:2      | Killed Jessica
  1720 | D:2      | Reached skill level 1 in Throwing
  1720 | D:2      | Reached XP level 4. HP: 13/32 MP: 6/6
  2327 | D:3      | Reached skill level 1 in Short Blades
  2395 | D:3      | Learned a level 3 spell: Spider Form
  2936 | D:3      | HP: 1/32 [orc/orcish club (5)]
  2937 | D:3      | Slain by an orc

Action                   |  1- 3 |  4- 6 || total
-------------------------+-------+-------++-------
Melee: Unarmed           |     8 |       ||     8
       Dagger            |   117 |    89 ||   206
       Whip              |    16 |    11 ||    27
Throw: Stone             |    22 |       ||    22
       Dart              |    30 |    32 ||    62
 Cast: Beastly Appendage |    14 |     4 ||    18
Evoke: Wand              |       |     3 ||     3
